 Dungeon Crawl Stone Soup version 0.31.0-11-ge490571c62 (webtiles) character file.

Game seed: 14852421576637646047

123 hawla the Conjurer (level 4, -2/36 HPs)
             Began as a Deep Elf Fire Elementalist on Jan 30, 2024.
             Was an Initiate of Vehumet.
             Slain by Grinder (3 damage)
             ... while paralysed by Grinder
             ... on level 6 of the Dungeon.
             The game lasted 00:05:50 (1986 turns).

hawla the Conjurer (Deep Elf Fire Elementalist)     Turns: 1986, Time: 00:05:51

Health: -2/36      AC:  3    Str:  5    XL:     4   Next: 79%
Magic:  1/10       EV:  2    Int: 22    God:    Vehumet [......]
Gold:   199        SH:  0    Dex: 15    Spells: 2/9 levels left

rFire   . . .        d - staff of conjuration
rCold   . . .        (no shield)
rNeg    . . .        a - +1 robe
rPois   .            (helmet restricted)
rElec   .            (no cloak)
rCorr   .            (no gloves)
SInv    .            (no boots)
Will    .....        i - amulet of the acrobat Stlth
                     k - ring of flight
HPRegen 0.26/turn    (no ring)
MPRegen 0.12/turn

%: acrobat
@: paralysed, berserking, flying, very slightly contaminated
A: antennae 2
a: Renounce Religion


You were on level 6 of the Dungeon.
You worshipped Vehumet.
Vehumet was noncommittal.
You visited 2 branches of the dungeon, and saw 5 of its levels.

You collected 199 gold pieces.

Inventory:

Armour
 a - a +1 robe (worn)
Magical Staves
 d - a staff of conjuration (weapon)
Jewellery
 i - an amulet of the acrobat (around neck)
 k - a ring of flight (left hand)
Scrolls
 c - a scroll of fog
Potions
 b - 2 potions of magic
 h - a potion of berserk rage


   Skills:
 - Level 2.4 Dodging
 - Level 2.4 Stealth
 - Level 3.0 Spellcasting
 - Level 5.0 Conjurations
 - Level 3.2 Fire Magic
 + Level 1.1 Evocations


You had 2 spell levels left.
You knew the following spells:

 Your Spells              Type           Power      Damage    Failure   Level
a - Foxfire               Conj/Fire      100%       2x1d9     2%          1
b - Scorch                Fire           34%        2d6       4%          2
c - Flame Wave            Conj/Fire      32%        2d9       22%         4

Your spell library contained the following spells:

 Spells                   Type           Power      Damage    Failure   Level
 Magic Dart               Conj           100%       1d8       1%          1
 Kiss of Death            Conj/Necr      84%        2d11      4%          1
 Blink                    Tloc           6%         N/A       19%         2
 Call Imp                 Summ           6%         N/A       19%         2
 Inner Flame              Hex/Fire       10%        N/A       19%         3
 Volatile Blastmotes      Fire/Tloc      20%        2d11      19%         3
 Confusing Touch          Hex            3%         N/A       36%         3
 Dispel Undead            Necr           3%         3d7       77%         4


Dungeon Overview and Level Annotations

Branches:
Dungeon (6/15)             Temple (1/1) D:6

Altars:
Cheibriados
Elyvilon
Fedhas
Gozag
Hepliaklqana
Makhleb
Nemelex Xobeh
Okawaru
Qazlal
Ru
Trog
Uskayaw
Vehumet
Wu Jian
Xom
Yredelemnul
Zin
The Shining One

Annotations:
D:6 Grinder


Innate Abilities, Weirdness & Mutations

You have a pair of antennae on your head.


Message History

You are very lightly contaminated with residual magic.
Nothing appears to happen.
Grinder shouts!
Unknown command.
Casting: Scorch (safe; 4% risk of failure)
Confirm with . or Enter, or press ? or * to list all spells.
Flames lash Grinder.
Grinder is lightly wounded.
Grinder's fire resistance burns away.
Grinder gestures at you. Pain shoots through your body!
Casting: Scorch (safe; 4% risk of failure)
Confirm with . or Enter, or press ? or * to list all spells.
Flames lash Grinder.
Grinder is burned terribly!
Grinder is heavily wounded.
Unknown command.
Casting: Scorch (safe; 4% risk of failure)
Confirm with . or Enter, or press ? or * to list all spells.
Flames lash Grinder.
Grinder is burned terribly!
Grinder is severely wounded.
Grinder hits you!
You writhe in agony.
* * * LOW HITPOINT WARNING * * *
Unknown command.
Casting: Scorch (safe; 4% risk of failure)
Confirm with . or Enter, or press ? or * to list all spells.
Flames lash Grinder.
Grinder is burned terribly!
Grinder is almost dead.
Grinder misses you.
Unknown command.
It was a potion of berserk rage.
A red film seems to cover your vision as you go berserk!
You feel yourself moving faster!
You feel mighty! Grinder gestures at you.
You suddenly lose the ability to move!
Grinder hits you but does no damage. Grinder hits you.
* * * LOW HITPOINT WARNING * * *
You writhe in agony.
You die...
Grinder says, "Now the real fun starts!"

###..#.# ###.
#... ##.#..#.#
#..# ##...
#.....#.### #.#.
......
#...#...#####.##
......
#.............##
......#
#[#..##.########
.....###....#.#
# #..5#...#...#
# #.@...#.....#
# ##.>.#####....
. #.....# ...###
# #...#...# ..##
#####
....###....
#.... ##..#
#..## #.### #..
.## #.. ## ##


You could see Grinder (combustible).

Vanquished Creatures
  A sleepcap (D:6)
  An orc wizard (D:3)
  2 adders
  A dart slug (D:1)
  A ribbon worm (D:3)
  2 orcs (D:3)
  2 ball pythons
  4 endoplasms
  3 giant cockroaches
  2 goblins (D:1)
  2 hobgoblins (D:1)
  3 jackals (D:2)
  5 kobolds
  A quokka (D:2)
  5 bats
  A frilled lizard (D:3)
  10 rats
46 creatures vanquished.

Vanquished Creatures (others)
  103 foxfires
103 creatures vanquished.

Grand Total: 149 creatures vanquished

Notes
Turn   | Place    | Note
-------+----------+-------------------------------------------
     0 | D:1      | hawla the Deep Elf Fire Elementalist began the quest for
                  | the Orb.
     0 | D:1      | Reached XP level 1. HP: 10/10 MP: 6/6
   132 | D:1      | Reached skill level 2 in Conjurations
   142 | D:1      | Reached XP level 2. HP: 14/15 MP: 0/8
   158 | D:1      | Learned a level 2 spell: Scorch
   317 | D:1      | Found a faded altar of an unknown god.
   560 | D:1      | Reached skill level 3 in Conjurations
  1142 | D:2      | Gained mutation: You are frail. (-10% HP) [potion of
                  | mutation]
  1142 | D:2      | Gained mutation: You are resistant to electric shocks.
                  | (rElec) [potion of mutation]
  1143 | D:2      | Lost mutation: You are resistant to electric shocks.
                  | (rElec) [potion of mutation]
  1143 | D:2      | Lost mutation: You are frail. (-10% HP) [potion of
                  | mutation]
  1143 | D:2      | Gained mutation: You have hidden genetic potential. [potion
                  | of mutation]
  1153 | D:2      | Reached XP level 3. HP: 19/19 MP: 6/9
  1336 | D:2      | Gained mutation: You have a pair of small antennae on your
                  | head. [hidden potential]
  1663 | D:3      | Reached skill level 4 in Conjurations
  1665 | D:3      | Reached XP level 4. HP: 24/24 MP: 3/10
  1686 | D:3      | Gained mutation: You have a pair of antennae on your head.
                  | [hidden potential]
  1686 | D:3      | Lost mutation: You have hidden genetic potential. [hidden
                  | potential expressed]
  1784 | D:3      | You are sucked into a shaft and drop 3 floors!
  1853 | D:6      | Reached skill level 5 in Conjurations
  1858 | D:6      | Learned a level 4 spell: Flame Wave
  1930 | D:6      | Reached skill level 1 in Evocations
  1949 | D:6      | Found a staircase to the Ecumenical Temple.
  1955 | D:6      | Noticed Grinder
  1958 | Temple   | Entered the Ecumenical Temple
  1967 | Temple   | Became a worshipper of Vehumet
  1984 | D:6      | Paralysed by Grinder for 4 turns
  1986 | D:6      | HP: 1/36 [Grinder (6)]
  1986 | D:6      | Slain by Grinder

Illustrated notes

Levels and vault maps discovered:
D:1:      giann_horns, layout_basic, ebering_ecumenical_altar_sacrificial,
          serial_glass, glass_columns_b, glass_columns_c, minmay_heptomino_d4
D:2:      layout_rooms, kennysheep_generic_room_8
D:3:      layout_basic, grunt_decor_junction
D:6:      layout_loops_ring, minmay_temple_entry_arrows, portal_sewer_entry_e,
          uniq_grinder
Temple:   nicolae_temple_two_arcs

Skill      XL: |  1  2  3  4 |
---------------+-------------+-----
Conjurations   | 2 3 4 5 |  5.0
Evocations     | 1 |  1.1
Dodging        | |  2.4
Stealth        | |  2.4
Spellcasting   | |  3.0
Fire Magic     | |  3.2

Action                     |  1- 3 |  4- 6 || total
---------------------------+-------+-------++-------
  Melee: Unarmed           |     3 |       ||     3
         Staff             |       |     2 ||     2
   Cast: Foxfire           |    48 |     7 ||    55
         Scorch            |     5 |     8 ||    13
    Use: Scroll            |     6 |     1 ||     7
         Potion            |     2 |     1 ||     3
 Armour: Robe              |     7 |     4 ||    11
  Dodge: Dodged            |    15 |     3 ||    18
